Map: Alcyone LE

Players

CoffeeAme

  • Race: Terran Terran
  • League: Master
  • Spawn Location: 1:00

Krystianer - Winner!

  • Race: Protoss Protoss
  • Spawn Location: 7:00

VOD

Have the link to the VOD?

Description

Time

  • Played on: Dec. 18, 2023, 3:47 p.m.
  • Length: 11:18
Show
View Real Time Build Order
Export as new Build Order

CoffeeAme Terran 

Build Orders: Banshee Rush 

Get SALT Encoding   

  12  0:00  SCV  
  13  0:12  SCV  
  14  0:17  Supply Depot  
  14  0:24  SCV  
  15  0:39  SCV  
  15  0:40  Barracks  
  16  0:43  Refinery  
  16  0:51  SCV  
  16  0:53  Refinery  
  17  1:03  SCV  
  18  1:15  SCV  
  19  1:27  Reaper  
  19  1:28  Orbital Command  
  20  1:40  Factory  
  20  1:50  Supply Depot  
  20  1:53  SCV  
  21  2:00  Barracks Reactor  
  21  2:06  SCV  
  22  2:18  SCV  
  23  2:25  Command Center  
  23  2:26  Hellion  
  25  2:30  SCV  
  26  2:37  Reaper x2  
  26  2:42  Supply Depot, SCV  
  29  2:50  Hellion  
  31  2:57  Starport  
  31  3:04  SCV  
  32  3:10  Marine x2  
  32  3:11  Factory Tech Lab  
  34  3:16  SCV  
  35  3:28  SCV  
  35  3:33  Marine x2  
  38  3:36  Factory Tech Lab  
  38  3:40  SCV  
  39  3:48  Banshee  
  37  3:49  Cloaking Field  
  37  3:52  SCV, Marine x2  
  39  3:57  Orbital Command, Bunker  
  38  4:03  Siege Tank  
  38  4:06  SCV  
  42  4:12  Marine x2  
  44  4:17  Supply Depot  
  44  4:18  SCV  
  44  4:23  SCV  
  46  4:30  SCV  
  46  4:31  Marine x2, Banshee  
  50  4:36  SCV  
  53  4:39  Supply Depot  
  53  4:42  SCV  
  53  4:44  Siege Tank  
  57  4:48  SCV  
  57  4:52  Supply Depot  
  58  4:54  Marine x2  
  58  4:55  SCV  
  61  5:01  SCV  
  61  5:06  Supply Depot  
  63  5:07  SCV  
  63  5:09  Barracks  
  63  5:13  Marine x2  
  65  5:16  SCV  
  65  5:19  SCV  
  65  5:20  Siege Tank  
  67  5:25  Banshee  
  70  5:29  SCV  
  70  5:31  SCV, Marine x2  
  73  5:35  Refinery  
  73  5:40  Barracks  
  70  5:47  SCV, Refinery  
  70  5:48  Supply Depot  
  70  5:49  Marine x2  
  73  5:50  Engineering Bay  
  65  6:07  SCV  
  65  6:09  Marine x2  
  63  6:12  SCV  
  63  6:17  Starport Reactor  
  64  6:19  SCV  
  64  6:21  Command Center  
  64  6:23  Marine, Stimpack  
  64  6:24  SCV  
  64  6:28  Terran Infantry Weapons Level 1  
  64  6:31  SCV, Factory Reactor  
  65  6:33  Barracks  
  65  6:34  Barracks  
  65  6:38  SCV  
  66  6:40  Marine x2  
  66  6:43  Combat Shield, SCV  
  66  6:46  Marauder x2  
  73  6:50  SCV  
  73  6:52  Supply Depot  
  74  6:55  SCV  
  74  6:56  Medivac  
  74  6:57  Medivac  
  74  7:01  Marine x2  
  81  7:07  Marauder x2  
  84  7:10  Supply Depot  
  84  7:11  Supply Depot  
  84  7:19  SCV x2, Widow Mine x2  
  84  7:22  Supply Depot  
  90  7:23  Barracks Tech Lab, Marine x2, Barracks Reactor  
  92  7:30  Missile Turret, Medivac x2  
  92  7:32  Marauder  
  95  7:45  Marauder  
  95  7:46  Marine x2, Marauder  
  95  7:47  SCV x2  
  103  7:52  Orbital Command, Widow Mine  
  103  7:53  Widow Mine  
  107  7:59  Marauder  
  107  8:00  SCV x2  
  111  8:12  SCV x2, Marauder  
  117  8:13  Marine, Marauder  
  117  8:14  Marine x2  
  117  8:17  Marine  
  119  8:20  Marauder  
  119  8:25  SCV x2  
  123  8:28  Widow Mine x2  
  123  8:29  Orbital Command  
  123  8:33  Marine  
  123  8:45  Marauder x2  
  102  8:50  Marauder  
  102  8:53  Marine x2  
  80  9:01  SCV x2  
  75  9:06  Marauder  
  75  9:07  Marauder  
  75  9:09  Marine x2  
  74  9:10  SCV  
  74  9:12  Marauder  
  76  9:28  Marauder  
  68  9:33  Marine x3  
  68  9:34  Widow Mine x2  
  75  9:43  Marauder  
  75  9:45  Medivac  
  79  9:48  Medivac  
  63  9:53  SCV  
  63  9:54  SCV x2  
  66  10:00  Widow Mine x2  
  66  10:03  Orbital Command  
  66  10:04  Marine  
  66  10:06  SCV x2  
  72  10:07  Marine  
  72  10:11  Marine x3  
  72  10:12  Marine  
  75  10:21  Medivac x2  
  79  10:30  Marauder x2  
  81  10:38  Marauder  
  74  10:47  Marine x2  
  72  10:51  Marauder  
Show
View Real Time Build Order
Export as new Build Order

Krystianer Protoss - Winner!

Build Orders: 1 Gate Expand, Blink Stalkers 

Get SALT Encoding   

  12  0:00  Probe  
  13  0:12  Probe  
  14  0:17  Pylon  
  14  0:24  Probe (Chrono Boost)  
  16  0:35  Gateway  
  16  0:37  Probe (Chrono Boost)  
  16  0:42  Probe (Chrono Boost)  
  16  0:46  Assimilator  
  17  0:51  Probe  
  18  1:03  Probe  
  19  1:15  Probe  
  20  1:22  Nexus  
  20  1:32  Cybernetics Core  
  20  1:36  Probe  
  21  1:40  Assimilator  
  21  1:48  Probe  
  21  1:51  Pylon  
  22  2:00  Probe  
  23  2:06  Adept (Chrono Boost)  
  22  2:08  Warp Gate  
  22  2:12  Probe  
  25  2:18  Twilight Council  
  25  2:25  Probe (Chrono Boost)  
  25  2:29  Stalker  
  28  2:36  Probe (Chrono Boost)  
  30  2:42  Probe (Chrono Boost)  
  30  2:43  Shield Battery  
  30  2:45  Probe (Chrono Boost)  
  30  2:49  Probe (Chrono Boost)  
  32  2:52  Probe  
  32  2:54  Blink (Chrono Boost)  
  33  3:02  Probe  
  33  3:05  Probe  
  35  3:11  Stalker (Chrono Boost)  
  37  3:14  Probe  
  38  3:21  Gateway  
  38  3:24  Probe  
  38  3:26  Probe  
  40  3:36  Probe  
  40  3:37  Stalker (Chrono Boost)  
  40  3:39  Probe  
  43  3:48  Probe  
  41  3:51  Probe  
  41  4:00  Probe  
  44  4:04  Robotics Facility  
  44  4:05  Probe  
  43  4:12  Probe (Chrono Boost)  
  43  4:16  Nexus  
  45  4:21  Probe (Chrono Boost)  
  45  4:22  Pylon  
  46  4:24  Probe (Chrono Boost)  
  46  4:34  Forge  
  46  4:40  Probe x2  
  46  4:42  Stalker x2  
  52  4:46  Pylon  
  52  4:50  Pylon  
  54  4:52  Probe  
  54  5:01  Probe (Chrono Boost)  
  56  5:07  Observer, Probe (Chrono Boost), Protoss Ground Weapons Level 1  
  56  5:10  Gateway x2  
  56  5:12  Charge  
  56  5:13  Probe (Chrono Boost)  
  55  5:20  Probe (Chrono Boost)  
  55  5:21  Probe (Chrono Boost)  
  55  5:24  Stalker x2  
  58  5:29  Probe  
  58  5:32  Probe  
  58  5:34  Probe  
  59  5:41  Probe  
  58  5:44  Probe  
  58  5:46  Probe  
  58  5:47  Shield Battery  
  60  5:53  Zealot x2, Probe  
  53  6:06  Stalker  
  53  6:07  Zealot  
  53  6:08  Probe (Chrono Boost)  
  53  6:09  Probe x2 (Chrono Boost)  
  50  6:21  Probe x2 (Chrono Boost)  
  50  6:22  Probe (Chrono Boost)  
  50  6:24  Photon Cannon  
  53  6:27  Stalker  
  53  6:30  Probe x3 (Chrono Boost)  
  58  6:32  Stalker  
  58  6:35  Probe x2 (Chrono Boost)  
  58  6:36  Probe (Chrono Boost)  
  63  6:41  Gateway  
  63  6:43  Photon Cannon  
  63  6:46  Gateway, Probe x2  
  65  6:47  Probe  
  65  6:51  Stalker  
  68  6:54  Gateway  
  68  6:57  Stalker  
  68  6:58  Probe x2  
  68  6:59  Probe  
  73  7:04  Zealot  
  73  7:05  Zealot  
  73  7:07  Pylon  
  77  7:10  Assimilator  
  77  7:12  Probe  
  77  7:15  Probe  
  77  7:16  Probe  
  77  7:24  Observer (Chrono Boost), Probe  
  77  7:25  Zealot x2  
  77  7:27  Probe  
  77  7:29  Zealot  
  84  7:30  Pylon  
  84  7:32  Stalker  
  84  7:33  Warp Prism (Chrono Boost)  
  84  7:34  Probe  
  84  7:37  Probe  
  86  7:39  Probe  
  85  7:46  Probe  
  85  7:47  Zealot  
  85  7:49  Probe  
  89  7:52  Zealot x4  
  89  7:55  Observer  
  97  8:03  Zealot  
  97  8:05  Observer, Pylon  
  99  8:07  Pylon  
  99  8:13  Observer  
  99  8:20  Pylon  
  99  8:24  Zealot x7  
  99  8:27  Protoss Ground Armor Level 1 (Chrono Boost)  
  111  8:29  Probe  
  111  8:30  Gateway, Probe  
  111  8:33  Probe, Pylon  
  114  8:41  Probe  
  115  8:45  Zealot x6  
  119  8:55  Probe  
  102  9:06  Stalker x5  
  108  9:15  Pylon  
  108  9:17  Pylon  
  108  9:30  Nexus  
  108  9:54  Zealot x6  
  108  9:57  Robotics Bay  
  118  10:03  Pylon  
  118  10:09  Assimilator  
  118  10:21  Probe x2  
  118  10:26  Pylon  
  120  10:29  Pylon  
  120  10:34  Probe x2  
  116  10:46  Probe  
  116  10:47  Zealot x8  
  119  10:51  Probe  
  119  10:53  Probe  
Tags
 
Composition
Blink Stalkers
League
Master
Matchup
PvT
Replay Pack
December 2023
Spawn Locations
Cross Positions
Strategy
Banshee Rush
Add a new tag
Caveats
  • Supply blocks, unpowered buildings, or Contaminate may cause inaccurate times.
  • Supply counts are checked every 10 seconds.